Devils vs Ducks

Created - February 25, 2017 at 14:38

Goals
1 2 3 T
Devils 5 1 0 6
Ducks 1 0 0 1
Shots
1 2 3 T
Devils 17 15 6 38
Ducks 24 8 14 46

1st period

1. Ducks , Claude Giroux 22 (Travis Hamonic, Kris Letang) at 0:24
2. Devils , Mikko Koivu 27 (Valtteri Filppula, Trevor Daley) at 5:41
3. Devils , Tommy Wingels 13 (Ales Hemsky, Colin Greening) at 6:56
4. Devils , James Neal 27 (Brandon Sutter, Trevor Daley) at 9:27
5. Devils , Darren Helm 10 (Johan Franzen, Steven Kampfer) at 13:24
6. Devils , Darren Helm 11 (Ryan Pulock) at 15:19

Penalties :
Andrei Markov (ANA) for Interference (Minor) at 17:56

2nd period

7. Devils , Dougie Hamilton 4 (Brandon Sutter, Valtteri Filppula) at 14:01 (PP)

Penalties :
Ryan Pulock (NJD) for Hooking (Minor) at 2:28, Colin Greening (NJD) for Tripping (Minor) at 4:48, Matt Hunwick (ANA) for Hooking (Minor) at 7:24, Wayne Simmonds (ANA) for Interference (Minor) at 13:34, Steven Kampfer (NJD) for Hooking (Minor) at 19:47

3rd period

No Goal

Penalties :
Chris Summers (ANA) for Roughing (Minor) at 9:50, Dennis Seidenberg (NJD) for Cross-checking (Minor) at 17:52

Goalie Stats

Corey Crawford (NJD), 45 saves from 46 shots - (0.978), W, 28-12-8, 60:00 minutes
Craig Anderson (ANA), 25 saves from 27 shots - (0.926), 46:36 minutes
Robin Lehner (ANA), 7 saves from 11 shots - (0.636), L, 2-3-0, 13:24 minutes

Players Stats for Devils

Player Name              G  A  P  +/- PIM S  H  SB GA TA FO     MP     PP MP  PK MP  
------------------------------------------------------------------------------------
Ales Hemsky              0  1  1   1  0   1  0  0  0  0  0/2    12:14   0:00   0:00 
Brandon Sutter           0  2  2   1  0   5  0  1  0  0  11/26  15:42   2:57   0:00 
Colin Greening           0  1  1   1  2   1  0  1  0  0  9/17   12:13   0:00   0:00 
Darren Helm              2  0  2   2  0   6  0  0  0  0  1/10    7:57   0:00   0:00 
Dennis Seidenberg        0  0  0   0  2   0  2  4  0  0  0/0    21:23   2:18   3:23 
Dougie Hamilton          1  0  1   2  0   1  2  1  0  0  0/0    20:45   3:55   0:19 
Drew Stafford            0  0  0   1  0   4  0  0  0  0  0/0    19:37   2:57   3:55 
James Neal               1  0  1   1  0   8  5  0  0  0  0/0    16:12   3:27   0:00 
Johan Franzen            0  1  1   2  0   0  0  0  0  0  0/1     7:57   0:00   0:00 
Miikka Salomaki          0  0  0   2  0   2  1  0  0  0  0/0     7:23   0:00   0:00 
Mikko Koivu              1  0  1   0  0   1  1  0  0  0  16/30  20:46   3:27   4:01 
Ryan Pulock              0  1  1   2  2   0  1  4  0  0  0/0    16:48   0:00   2:51 
Shayne Gostisbehere      0  0  0   0  0   2  0  0  0  0  0/0    21:17   3:26   2:08 
Steven Kampfer           0  1  1   2  2   1  2  1  0  0  0/0    15:39   0:11   2:37 
Tommy Wingels            1  0  1   1  0   1  1  1  0  0  0/0    12:14   0:00   0:00 
Trevor Daley             0  2  2   2  0   0  0  3  0  0  0/0    22:57   2:58   4:34 
Tyler Johnson            0  0  0   0  0   2  1  0  0  0  3/5    20:40   3:27   3:55 
Valtteri Filppula        0  2  2   0  0   3  1  1  0  0  0/1    20:16   2:57   4:01 

Players Stats for Ducks

Player Name              G  A  P  +/- PIM S  H  SB GA TA FO     MP     PP MP  PK MP  
------------------------------------------------------------------------------------
Andrei Markov            0  0  0   0  2   1  0  1  0  0  0/0    21:02   3:41   0:55 
Antoine Roussel          0  0  0  -1  0   2  0  0  0  0  0/0     8:40   0:00   4:31 
Blake Comeau             0  0  0   0  0   5  0  0  0  0  0/0    15:28   0:00   1:53 
Bobby Ryan               0  0  0  -2  0   6  0  0  0  0  0/0    18:23   4:17   0:00 
Boone Jenner             0  0  0  -2  0   6  4  0  0  0  1/1    17:45   3:39   0:00 
Brandon Dubinsky         0  0  0   0  0   3  2  0  0  0  6/10   17:44   0:00   4:09 
Chris Summers            0  0  0  -2  2   1  0  0  0  0  0/0    17:26   3:41   0:50 
Claude Giroux            1  0  1  -1  0   4  0  0  0  0  12/24  18:07   4:17   0:00 
Colton Parayko           0  0  0  -2  0   1  2  0  0  0  0/0    19:36   4:15   2:25 
Kris Letang              0  1  1  -2  0   1  1  1  0  0  0/0    22:18   4:15   1:46 
Mark Scheifele           0  0  0   0  0   4  0  0  0  0  14/23  13:57   0:00   0:22 
Matt Hunwick             0  0  0   0  2   0  2  0  0  0  0/0    19:12   0:00   2:46 
Nikolay Kulemin          0  0  0  -1  0   1  1  0  0  0  0/0    13:50   0:00   0:00 
Pascal Dupuis            0  0  0  -1  0   1  0  0  0  0  2/3     6:02   0:00   1:53 
Ryan OReilly             0  0  0  -2  0   3  0  0  0  0  12/22  17:45   3:39   0:00 
Sam Bennett              0  0  0  -1  0   4  0  0  0  0  5/7     7:48   3:39   0:00 
Travis Hamonic           0  1  1  -2  0   0  1  2  0  0  0/0    20:23   0:00   4:06 
Wayne Simmonds           0  0  0  -1  2   3  4  0  0  0  0/2    18:06   4:17   0:00 

3 Stars

1 - Darren Helm (NJD)
2 - Corey Crawford (NJD)
3 - James Neal (NJD)

Power Play

Devils - 1 on 4 Attempt(s) - 25.00%
Ducks - 0 on 4 Attempt(s) - 0.00%

Penalty Kill

Devils - 4 on 4 Attempt(s) - 100.00% - Score 0 goal in Penalty Kill
Ducks - 3 on 4 Attempt(s) - 75.00% - Score 0 goal in Penalty Kill

Team Stat

Devils - Hits : 17 - Faceoff Wins : 40 - Blocked Shots : 17 - Penalty Minutes : 8
Ducks - Hits : 17 - Faceoff Wins : 52 - Blocked Shots : 4 - Penalty Minutes : 8

Official

Referees : Jon Mclsaac and Chris Lee
Linesman : Scott Driscoll and Kiel Murchison

Game Notes

Craig Anderson enters game at 13:24 of 1st period

Finance

Level 1 -- Attendance: 4899 (75.37%) -- Ticket Income $538,890
Level 2 -- Attendance: 4396 (87.92%) -- Ticket Income $329,700
Level 3 -- Attendance: 2600 (100.00%) -- Ticket Income $145,600
Level 4 -- Attendance: 2074 (100.00%) -- Ticket Income $82,960
Luxury Box -- Attendance: 1000 (100.00%) -- Ticket Income $199,000
Game was played at the Honda Center.
Total Attendance: 14969 (87.16%)
Total Ticket Income: $1,296,150
Other Income: $194,422
Total Income: $1,490,572

% Time on Ice - Devils

Lines # - Real PCT - Wanted PCT - Time Play
Normal Forward
1 - 29% - 28% - 13:18
2 - 28% - 28% - 12:45
3 - 27% - 26% - 12:14
4 - 16% - 18% - 7:23
Normal Defense
1 - 34% - 37% - 15:25
2 - 34% - 37% - 15:43
3 - 29% - 26% - 13:26
4 - 2% - 0% - 1:06
PP Forward
1 - 54% - 50% - 3:27
2 - 46% - 50% - 2:57
PP Defense
1 - 54% - 60% - 3:26
2 - 46% - 40% - 2:58
PK Forward
1 - 51% - 50% - 4:01
2 - 49% - 50% - 3:55
PK Defense
1 - 58% - 60% - 4:34
2 - 42% - 40% - 3:22
PK3 Forward
1 - 0% - 60%
2 - 0% - 40%
PK3 Defense
1 - 0% - 60%
2 - 0% - 40%
44 Forward
1 - 0% - 50%
2 - 0% - 50%
44 Defense
1 - 0% - 50%
2 - 0% - 50%
Last Minute Offensive  - 0:00
Last Minute Defensive  - 0:00
Total
Forward - 60:00
Defense - 60:00

% Time on Ice - Ducks

Lines # - Real PCT - Wanted PCT - Time Play
Normal Forward
1 - 30% - 30% - 13:50
2 - 31% - 30% - 14:06
3 - 30% - 30% - 13:35
4 - 9% - 10% - 4:09
Normal Defense
1 - 36% - 35% - 16:17
2 - 36% - 35% - 16:27
3 - 28% - 30% - 12:56
4 - 0% - 0% - 0:00
PP Forward
1 - 54% - 55% - 4:17
2 - 46% - 45% - 3:39
PP Defense
1 - 54% - 57% - 4:15
2 - 46% - 43% - 3:41
PK Forward
1 - 71% - 57% - 4:31
2 - 29% - 43% - 1:53
PK Defense
1 - 71% - 57% - 4:34
2 - 29% - 43% - 1:50
PK3 Forward
1 - 0% - 60%
2 - 0% - 40%
PK3 Defense
1 - 0% - 57%
2 - 0% - 43%
44 Forward
1 - 0% - 50%
2 - 0% - 50%
44 Defense
1 - 0% - 50%
2 - 0% - 50%
Last Minute Offensive  - 0:00
Last Minute Defensive  - 0:00
Total
Forward - 60:00
Defense - 60:00

Play by Play

1st period


0:01 of 1st period - Mikko Koivu wins face-off versus Wayne Simmonds in neutral zone.
0:24 of 1st period - Shot by Claude Giroux.
0:24 of 1st period - Goal by Claude Giroux - Devils : 0 - Ducks : 1.
0:25 of 1st period - Ryan OReilly wins face-off versus Brandon Sutter in neutral zone.
0:34 of 1st period - Shot by Boone Jenner.
0:34 of 1st period - Stopped by Corey Crawford without a rebound.
0:35 of 1st period - Colin Greening wins face-off versus Mark Scheifele in Devils zone.
0:42 of 1st period - Shot by Mark Scheifele.
0:42 of 1st period - Stopped by Corey Crawford without a rebound.
0:43 of 1st period - Mark Scheifele wins face-off versus Darren Helm in Devils zone.
0:43 of 1st period - Mark Scheifele is hit by Dennis Seidenberg.
0:49 of 1st period - Shot by Mark Scheifele.
0:49 of 1st period - Shot Blocked by Dennis Seidenberg.
1:02 of 1st period - Shot by Miikka Salomaki.
1:02 of 1st period - Deflect By Johan Franzen.
1:02 of 1st period - Shot Misses the Net.
1:10 of 1st period - Shot by Miikka Salomaki.
1:10 of 1st period - Stopped by Robin Lehner with a rebound.
1:12 of 1st period - Shot by Darren Helm.
1:12 of 1st period - Stopped by Robin Lehner without a rebound.
1:13 of 1st period - Ryan OReilly wins face-off versus Colin Greening in Ducks zone.
1:18 of 1st period - Shot by Bobby Ryan.
1:18 of 1st period - Shot Misses the Net.
1:32 of 1st period - Shot by Colin Greening.
1:32 of 1st period - Shot Misses the Net.
1:42 of 1st period - Shot by Ryan OReilly.
1:42 of 1st period - Stopped by Corey Crawford without a rebound.
1:43 of 1st period - Sam Bennett wins face-off versus Brandon Sutter in Devils zone.
1:54 of 1st period - Icing by Drew Stafford.
1:55 of 1st period - Brandon Sutter wins face-off versus Claude Giroux in Devils zone.
2:16 of 1st period - Shot by James Neal.
2:16 of 1st period - Stopped by Robin Lehner without a rebound.
2:17 of 1st period - Mikko Koivu wins face-off versus Mark Scheifele in Ducks zone.
3:12 of 1st period - Shot by Colin Greening.
3:12 of 1st period - Stopped by Robin Lehner without a rebound.
3:13 of 1st period - Brandon Sutter wins face-off versus Ryan OReilly in Ducks zone.
3:24 of 1st period - Shot by Brandon Sutter.
3:24 of 1st period - Shot Misses the Net.
3:32 of 1st period - Shot by Brandon Sutter.
3:32 of 1st period - Deflect By James Neal.
3:32 of 1st period - Stopped by Robin Lehner without a rebound.
3:33 of 1st period - Claude Giroux wins face-off versus Ales Hemsky in Ducks zone.
3:47 of 1st period - Nikolay Kulemin is hit by Steven Kampfer and loses puck.
3:50 of 1st period - Shot by Wayne Simmonds.
3:50 of 1st period - Stopped by Corey Crawford with a rebound.
3:52 of 1st period - Shot by Wayne Simmonds.
3:52 of 1st period - Shot Blocked by Ryan Pulock.
3:55 of 1st period - Claude Giroux is hit by Steven Kampfer and loses puck.
4:36 of 1st period - Shot by Miikka Salomaki.
4:36 of 1st period - Stopped by Robin Lehner without a rebound.
4:37 of 1st period - Sam Bennett wins face-off versus Brandon Sutter in Ducks zone.
4:42 of 1st period - Shot by Antoine Roussel.
4:42 of 1st period - Shot Misses the Net.
4:44 of 1st period - Shot by Sam Bennett.
4:44 of 1st period - Stopped by Corey Crawford without a rebound.
4:45 of 1st period - Ryan OReilly wins face-off versus Brandon Sutter in Devils zone.
5:04 of 1st period - Shot by Bobby Ryan.
5:04 of 1st period - Stopped by Corey Crawford without a rebound.
5:05 of 1st period - Sam Bennett wins face-off versus Mikko Koivu in Devils zone.
5:24 of 1st period - Shot by Tyler Johnson.
5:24 of 1st period - Shot Misses the Net.
5:41 of 1st period - Shot by Mikko Koivu.
5:41 of 1st period - Goal by Mikko Koivu - Devils : 1 - Ducks : 1.
5:42 of 1st period - Ryan OReilly wins face-off versus Darren Helm in neutral zone.
5:45 of 1st period - Shot by Ryan OReilly.
5:45 of 1st period - Stopped by Corey Crawford without a rebound.
5:46 of 1st period - Ryan OReilly wins face-off versus Darren Helm in Devils zone.
5:59 of 1st period - Shot by Boone Jenner.
5:59 of 1st period - Stopped by Corey Crawford without a rebound.
6:00 of 1st period - Brandon Sutter wins face-off versus Mark Scheifele in Devils zone.
6:00 of 1st period - Brandon Sutter is hit by Brandon Dubinsky.
6:10 of 1st period - Mark Scheifele is hit by James Neal.
6:14 of 1st period - Shot by Brandon Sutter.
6:14 of 1st period - Stopped by Robin Lehner without a rebound.
6:15 of 1st period - Claude Giroux wins face-off versus Colin Greening in Ducks zone.
6:15 of 1st period - Claude Giroux is hit by Tommy Wingels.
6:20 of 1st period - Dougie Hamilton is hit by Wayne Simmonds and loses puck.
6:32 of 1st period - Claude Giroux is hit by Dougie Hamilton and loses puck.
6:42 of 1st period - Trevor Daley is hit by Wayne Simmonds.
6:48 of 1st period - Shot by Ales Hemsky.
6:48 of 1st period - Deflect By Colin Greening.
6:48 of 1st period - Shot Misses the Net.
6:52 of 1st period - Shot by Colin Greening.
6:52 of 1st period - Shot Misses the Net.
6:54 of 1st period - Shot by Ales Hemsky.
6:54 of 1st period - Shot Misses the Net.
6:56 of 1st period - Shot by Tommy Wingels.
6:56 of 1st period - Goal by Tommy Wingels - Devils : 2 - Ducks : 1.
6:57 of 1st period - Brandon Sutter wins face-off versus Ryan OReilly in neutral zone.
7:06 of 1st period - Shot by Bobby Ryan.
7:06 of 1st period - Stopped by Corey Crawford with a rebound.
7:08 of 1st period - Shot by Boone Jenner.
7:08 of 1st period - Stopped by Corey Crawford without a rebound.
7:09 of 1st period - Darren Helm wins face-off versus Mark Scheifele in Devils zone.
7:36 of 1st period - Blake Comeau is hit by Ryan Pulock and loses puck.
8:07 of 1st period - Off-side.
8:08 of 1st period - Mikko Koivu wins face-off versus Ryan OReilly in neutral zone.
8:37 of 1st period - Shot by Boone Jenner.
8:37 of 1st period - Shot Blocked by Dennis Seidenberg.
8:39 of 1st period - Shot by Boone Jenner.
8:39 of 1st period - Deflect By Ryan OReilly.
8:39 of 1st period - Shot Misses the Net.
9:03 of 1st period - Shot by Claude Giroux.
9:03 of 1st period - Stopped by Corey Crawford with a rebound.
9:19 of 1st period - Shot by Wayne Simmonds.
9:19 of 1st period - Stopped by Corey Crawford with a rebound.
9:27 of 1st period - Shot by Brandon Sutter.
9:27 of 1st period - Deflect By James Neal.
9:27 of 1st period - Goal by James Neal - Devils : 3 - Ducks : 1.
9:28 of 1st period - Colin Greening wins face-off versus Sam Bennett in neutral zone.
9:41 of 1st period - Shot by Antoine Roussel.
9:41 of 1st period - Stopped by Corey Crawford with a rebound.
9:59 of 1st period - Shot by Sam Bennett.
9:59 of 1st period - Stopped by Corey Crawford without a rebound.
10:00 of 1st period - Mark Scheifele wins face-off versus Brandon Sutter in Devils zone.
10:09 of 1st period - Shot by Brandon Dubinsky.
10:09 of 1st period - Stopped by Corey Crawford without a rebound.
10:10 of 1st period - Ryan OReilly wins face-off versus Brandon Sutter in Devils zone.
10:11 of 1st period - Shot by Bobby Ryan.
10:11 of 1st period - Stopped by Corey Crawford without a rebound.
10:12 of 1st period - Ryan OReilly wins face-off versus Brandon Sutter in Devils zone.
10:31 of 1st period - Shot by Bobby Ryan.
10:31 of 1st period - Stopped by Corey Crawford without a rebound.
10:32 of 1st period - Colin Greening wins face-off versus Wayne Simmonds in Devils zone.
10:40 of 1st period - Shot by Claude Giroux.
10:40 of 1st period - Shot Blocked by Dennis Seidenberg.
10:42 of 1st period - Shot by Nikolay Kulemin.
10:42 of 1st period - Shot Blocked by Tommy Wingels.
10:44 of 1st period - Shot by Chris Summers.
10:44 of 1st period - Shot Misses the Net.
10:46 of 1st period - Shot by Nikolay Kulemin.
10:46 of 1st period - Stopped by Corey Crawford without a rebound.
10:47 of 1st period - Mark Scheifele wins face-off versus Brandon Sutter in Devils zone.
10:56 of 1st period - Shot by Mark Scheifele.
10:56 of 1st period - Shot Misses the Net.
10:58 of 1st period - Shot by Blake Comeau.
10:58 of 1st period - Stopped by Corey Crawford with a rebound.
11:00 of 1st period - Shot by Mark Scheifele.
11:00 of 1st period - Shot Blocked by Dougie Hamilton.
11:02 of 1st period - Shot by Mark Scheifele.
11:02 of 1st period - Shot Misses the Net.
11:04 of 1st period - Shot by Matt Hunwick.
11:04 of 1st period - Shot Blocked by Trevor Daley.
11:06 of 1st period - Shot by Andrei Markov.
11:06 of 1st period - Stopped by Corey Crawford with a rebound.
12:56 of 1st period - Shot by Ryan OReilly.
12:56 of 1st period - Shot Blocked by Steven Kampfer.
13:20 of 1st period - Shot by Johan Franzen.
13:20 of 1st period - Shot Misses the Net.
13:22 of 1st period - Shot by Darren Helm.
13:22 of 1st period - Shot Misses the Net.
13:24 of 1st period - Shot by Darren Helm.
13:24 of 1st period - Goal by Darren Helm - Devils : 4 - Ducks : 1.
13:24 of 1st period - Craig Anderson enters game.
13:25 of 1st period - Mark Scheifele wins face-off versus Colin Greening in neutral zone.
13:30 of 1st period - Shot by Mark Scheifele.
13:30 of 1st period - Shot Blocked by Trevor Daley.
13:32 of 1st period - Shot by Matt Hunwick.
13:32 of 1st period - Shot Misses the Net.
14:16 of 1st period - Off-side.
14:17 of 1st period - Claude Giroux wins face-off versus Brandon Sutter in neutral zone.
14:58 of 1st period - Shayne Gostisbehere is hit by Nikolay Kulemin and loses puck.
15:17 of 1st period - Shot by Darren Helm.
15:17 of 1st period - Shot Misses the Net.
15:19 of 1st period - Shot by Darren Helm.
15:19 of 1st period - Goal by Darren Helm - Devils : 5 - Ducks : 1.
15:20 of 1st period - Sam Bennett wins face-off versus Colin Greening in neutral zone.
15:41 of 1st period - Shot by Sam Bennett.
15:41 of 1st period - Shot Misses the Net.
15:47 of 1st period - Shot by Pascal Dupuis.
15:47 of 1st period - Shot Blocked by Ryan Pulock.
16:04 of 1st period - Shot by Sam Bennett.
16:04 of 1st period - Stopped by Corey Crawford without a rebound.
16:05 of 1st period - Mikko Koivu wins face-off versus Ryan OReilly in Devils zone.
16:14 of 1st period - Kris Letang is hit by Dennis Seidenberg and loses puck.
16:21 of 1st period - Shot by Mikko Koivu.
16:21 of 1st period - Shot Misses the Net.
16:51 of 1st period - Miikka Salomaki is hit by Boone Jenner and loses puck.
17:08 of 1st period - Icing by Miikka Salomaki.
17:09 of 1st period - Brandon Dubinsky wins face-off versus Darren Helm in Devils zone.
17:22 of 1st period - Shot by Mark Scheifele.
17:22 of 1st period - Shot Misses the Net.
17:41 of 1st period - Icing by Colton Parayko.
17:42 of 1st period - Mark Scheifele wins face-off versus Mikko Koivu in Ducks zone.
17:44 of 1st period - Icing by Blake Comeau.
17:45 of 1st period - Brandon Sutter wins face-off versus Mark Scheifele in Ducks zone.
17:46 of 1st period - Shot by James Neal.
17:46 of 1st period - Stopped by Craig Anderson with a rebound.
17:48 of 1st period - Shot by James Neal.
17:48 of 1st period - Shot Misses the Net.
17:50 of 1st period - Shot by Brandon Sutter.
17:50 of 1st period - Stopped by Craig Anderson without a rebound.
17:51 of 1st period - Claude Giroux wins face-off versus Mikko Koivu in Ducks zone.
17:51 of 1st period - Claude Giroux is hit by Valtteri Filppula.
17:56 of 1st period - Minor Penalty to Andrei Markov for Interference.
17:57 of 1st period - Brandon Dubinsky wins face-off versus Tyler Johnson in Ducks zone.
18:16 of 1st period - Kris Letang is hit by James Neal and loses puck.
18:53 of 1st period - Shot by Shayne Gostisbehere.
18:53 of 1st period - Shot Misses the Net.
19:17 of 1st period - Shot by Shayne Gostisbehere.
19:17 of 1st period - Stopped by Craig Anderson with a rebound.
19:23 of 1st period - Shot by Brandon Sutter.
19:23 of 1st period - Deflect By Valtteri Filppula.
19:23 of 1st period - Shot Misses the Net.
19:25 of 1st period - Shot by Valtteri Filppula.
19:25 of 1st period - Stopped by Craig Anderson without a rebound.
19:26 of 1st period - Mikko Koivu wins face-off versus Pascal Dupuis in Ducks zone.
19:47 of 1st period - Shot by Blake Comeau.
19:47 of 1st period - Stopped by Corey Crawford without a rebound.
19:48 of 1st period - Pascal Dupuis wins face-off versus Brandon Sutter in Devils zone.
19:51 of 1st period - Shot by Blake Comeau.
19:51 of 1st period - Stopped by Corey Crawford without a rebound.
19:52 of 1st period - Brandon Sutter wins face-off versus Brandon Dubinsky in Devils zone.
19:59 of 1st period - Shot by Drew Stafford.
19:59 of 1st period - Stopped by Craig Anderson without a rebound.
Goals for this period are 5 for Devils vs 1 for Ducks.
Shots for this period are 17 for Devils vs 24 for Ducks.

2nd period


0:01 of 2nd period - Brandon Sutter wins face-off versus Claude Giroux in neutral zone.
0:08 of 2nd period - Shot by Drew Stafford.
0:08 of 2nd period - Shot Blocked by Kris Letang.
0:40 of 2nd period - Icing by Travis Hamonic.
0:41 of 2nd period - Claude Giroux wins face-off versus Mikko Koivu in Ducks zone.
1:13 of 2nd period - Icing by Valtteri Filppula.
1:14 of 2nd period - Mark Scheifele wins face-off versus Mikko Koivu in Devils zone.
1:15 of 2nd period - Shot by Blake Comeau.
1:15 of 2nd period - Stopped by Corey Crawford without a rebound.
1:16 of 2nd period - Colin Greening wins face-off versus Ryan OReilly in Devils zone.
1:16 of 2nd period - Colin Greening is hit by Boone Jenner.
1:19 of 2nd period - Tommy Wingels is hit by Boone Jenner and loses puck.
1:23 of 2nd period - Ales Hemsky is hit by Boone Jenner.
1:34 of 2nd period - Shot by Boone Jenner.
1:34 of 2nd period - Shot Misses the Net.
1:42 of 2nd period - Shot by Ales Hemsky.
1:42 of 2nd period - Stopped by Craig Anderson without a rebound.
1:43 of 2nd period - Mikko Koivu wins face-off versus Mark Scheifele in Ducks zone.
1:44 of 2nd period - Shot by Valtteri Filppula.
1:44 of 2nd period - Shot Misses the Net.
1:48 of 2nd period - Shot by Mikko Koivu.
1:48 of 2nd period - Shot Misses the Net.
1:50 of 2nd period - Shot by Valtteri Filppula.
1:50 of 2nd period - Stopped by Craig Anderson with a rebound.
1:52 of 2nd period - Shot by Mikko Koivu.
1:52 of 2nd period - Deflect By Tyler Johnson.
1:52 of 2nd period - Shot Misses the Net.
2:00 of 2nd period - Shot by Tyler Johnson.
2:00 of 2nd period - Stopped by Craig Anderson without a rebound.
2:01 of 2nd period - Brandon Sutter wins face-off versus Ryan OReilly in Ducks zone.
2:11 of 2nd period - Off-side.
2:12 of 2nd period - Colin Greening wins face-off versus Mark Scheifele in neutral zone.
2:28 of 2nd period - Minor Penalty to Ryan Pulock for Hooking.
2:29 of 2nd period - Mikko Koivu wins face-off versus Claude Giroux in Devils zone.
2:41 of 2nd period - Kris Letang is hit by Tyler Johnson and loses puck.
3:34 of 2nd period - Shot by Chris Summers.
3:34 of 2nd period - Stopped by Corey Crawford without a rebound.
3:35 of 2nd period - Mikko Koivu wins face-off versus Ryan OReilly in Devils zone.
4:29 of 2nd period - Shot by Bobby Ryan.
4:29 of 2nd period - Shot Misses the Net.
4:47 of 2nd period - Shot by Ales Hemsky.
4:47 of 2nd period - Shot Misses the Net.
4:48 of 2nd period - Minor Penalty to Colin Greening for Tripping.
4:49 of 2nd period - Mikko Koivu wins face-off versus Claude Giroux in Devils zone.
4:54 of 2nd period - Shot by Valtteri Filppula.
4:54 of 2nd period - Stopped by Craig Anderson without a rebound.
4:55 of 2nd period - Tyler Johnson wins face-off versus Claude Giroux in Ducks zone.
5:25 of 2nd period - Icing by Andrei Markov.
5:26 of 2nd period - Mikko Koivu wins face-off versus Claude Giroux in Ducks zone.
6:50 of 2nd period - Shot by Wayne Simmonds.
6:50 of 2nd period - Shot Blocked by Colin Greening.
7:00 of 2nd period - Shot by Brandon Dubinsky.
7:00 of 2nd period - Shot Misses the Net.
7:07 of 2nd period - Shayne Gostisbehere is hit by Matt Hunwick.
7:24 of 2nd period - Minor Penalty to Matt Hunwick for Hooking.
7:25 of 2nd period - Brandon Dubinsky wins face-off versus Mikko Koivu in Ducks zone.
7:25 of 2nd period - Brandon Dubinsky is hit by James Neal.
7:54 of 2nd period - Shot by Tyler Johnson.
7:54 of 2nd period - Deflect By James Neal.
7:54 of 2nd period - Shot Blocked by Travis Hamonic.
8:42 of 2nd period - Shot by Brandon Sutter.
8:42 of 2nd period - Shot Misses the Net.
9:08 of 2nd period - Shot by James Neal.
9:08 of 2nd period - Deflect By Tyler Johnson.
9:08 of 2nd period - Shot Misses the Net.
9:10 of 2nd period - Shot by Tyler Johnson.
9:10 of 2nd period - Shot Misses the Net.
9:12 of 2nd period - Shot by Tyler Johnson.
9:12 of 2nd period - Deflect By James Neal.
9:12 of 2nd period - Stopped by Craig Anderson without a rebound.
9:13 of 2nd period - Brandon Dubinsky wins face-off versus Brandon Sutter in Ducks zone.
9:34 of 2nd period - Shot by Darren Helm.
9:34 of 2nd period - Stopped by Craig Anderson without a rebound.
9:35 of 2nd period - Colin Greening wins face-off versus Ryan OReilly in Ducks zone.
9:59 of 2nd period - Icing by Matt Hunwick.
10:00 of 2nd period - Brandon Sutter wins face-off versus Ryan OReilly in Ducks zone.
10:16 of 2nd period - Shot by James Neal.
10:16 of 2nd period - Stopped by Craig Anderson without a rebound.
10:17 of 2nd period - Claude Giroux wins face-off versus Mikko Koivu in Ducks zone.
11:40 of 2nd period - Shot by Drew Stafford.
11:40 of 2nd period - Stopped by Craig Anderson without a rebound.
11:41 of 2nd period - Mark Scheifele wins face-off versus Darren Helm in Ducks zone.
12:03 of 2nd period - Shot by Steven Kampfer.
12:03 of 2nd period - Stopped by Craig Anderson with a rebound.
12:48 of 2nd period - Shot by Brandon Sutter.
12:48 of 2nd period - Stopped by Craig Anderson without a rebound.
12:49 of 2nd period - Mikko Koivu wins face-off versus Ryan OReilly in Ducks zone.
12:50 of 2nd period - Shot by Valtteri Filppula.
12:50 of 2nd period - Deflect By Tyler Johnson.
12:50 of 2nd period - Stopped by Craig Anderson with a rebound.
13:09 of 2nd period - Shot by Ryan OReilly.
13:09 of 2nd period - Deflect By Bobby Ryan.
13:09 of 2nd period - Shot Misses the Net.
13:11 of 2nd period - Shot by Ryan OReilly.
13:11 of 2nd period - Shot Misses the Net.
13:13 of 2nd period - Shot by Boone Jenner.
13:13 of 2nd period - Shot Misses the Net.
13:15 of 2nd period - Shot by Bobby Ryan.
13:15 of 2nd period - Shot Hit the Post.
13:27 of 2nd period - Shot by Boone Jenner.
13:27 of 2nd period - Shot Misses the Net.
13:29 of 2nd period - Shot by Boone Jenner.
13:29 of 2nd period - Stopped by Corey Crawford without a rebound.
13:30 of 2nd period - Brandon Sutter wins face-off versus Claude Giroux in Devils zone.
13:34 of 2nd period - Minor Penalty to Wayne Simmonds for Interference.
13:35 of 2nd period - Brandon Dubinsky wins face-off versus Brandon Sutter in Ducks zone.
13:48 of 2nd period - Shot by Drew Stafford.
13:48 of 2nd period - Shot Misses the Net.
13:59 of 2nd period - Shot by Brandon Sutter.
13:59 of 2nd period - Stopped by Craig Anderson with a rebound.
14:01 of 2nd period - Shot by Dougie Hamilton.
14:01 of 2nd period - Goal by Dougie Hamilton - Devils : 6 - Ducks : 1.
14:02 of 2nd period - Colin Greening wins face-off versus Claude Giroux in neutral zone.
14:06 of 2nd period - Ryan Pulock is hit by Colton Parayko.
15:01 of 2nd period - Icing by Ryan Pulock.
15:02 of 2nd period - Ryan OReilly wins face-off versus Colin Greening in Devils zone.
15:11 of 2nd period - Shot by Boone Jenner.
15:11 of 2nd period - Stopped by Corey Crawford without a rebound.
15:12 of 2nd period - Mark Scheifele wins face-off versus Brandon Sutter in Devils zone.
15:17 of 2nd period - Shot by Brandon Dubinsky.
15:17 of 2nd period - Shot Blocked by Brandon Sutter.
15:57 of 2nd period - Blake Comeau is hit by James Neal and loses puck.
16:22 of 2nd period - Shot by Claude Giroux.
16:22 of 2nd period - Stopped by Corey Crawford with a rebound.
16:49 of 2nd period - Shot by Claude Giroux.
16:49 of 2nd period - Stopped by Corey Crawford with a rebound.
17:19 of 2nd period - Shot by Colton Parayko.
17:19 of 2nd period - Shot Misses the Net.
17:21 of 2nd period - Shot by Bobby Ryan.
17:21 of 2nd period - Stopped by Corey Crawford without a rebound.
17:22 of 2nd period - Mikko Koivu wins face-off versus Sam Bennett in Devils zone.
17:56 of 2nd period - Shot by Antoine Roussel.
17:56 of 2nd period - Shot Blocked by Dennis Seidenberg.
18:17 of 2nd period - Shot by Boone Jenner.
18:17 of 2nd period - Shot Misses the Net.
18:47 of 2nd period - Shot by Miikka Salomaki.
18:47 of 2nd period - Shot Hit the Post.
19:09 of 2nd period - Shot by Darren Helm.
19:09 of 2nd period - Stopped by Craig Anderson with a rebound.
19:11 of 2nd period - Shot by Darren Helm.
19:11 of 2nd period - Stopped by Craig Anderson without a rebound.
19:12 of 2nd period - Mark Scheifele wins face-off versus Ales Hemsky in Ducks zone.
19:47 of 2nd period - Minor Penalty to Steven Kampfer for Hooking.
19:48 of 2nd period - Claude Giroux wins face-off versus Valtteri Filppula in Devils zone.
19:49 of 2nd period - Shot by Kris Letang.
19:49 of 2nd period - Stopped by Corey Crawford without a rebound.
19:50 of 2nd period - Claude Giroux wins face-off versus Mikko Koivu in Devils zone.
Goals for this period are 1 for Devils vs 0 for Ducks.
Shots for this period are 15 for Devils vs 8 for Ducks.

3rd period


0:01 of 3rd period - Tyler Johnson wins face-off versus Claude Giroux in neutral zone.
0:39 of 3rd period - Shot by Colton Parayko.
0:39 of 3rd period - Shot Blocked by Trevor Daley.
0:41 of 3rd period - Shot by Colton Parayko.
0:41 of 3rd period - Stopped by Corey Crawford with a rebound.
0:58 of 3rd period - Icing by Ryan OReilly.
0:59 of 3rd period - Boone Jenner wins face-off versus Mikko Koivu in Ducks zone.
0:59 of 3rd period - Boone Jenner is hit by Mikko Koivu.
1:09 of 3rd period - Shot by Boone Jenner.
1:09 of 3rd period - Deflect By Ryan OReilly.
1:09 of 3rd period - Shot Misses the Net.
1:11 of 3rd period - Shot by Chris Summers.
1:11 of 3rd period - Shot Blocked by Valtteri Filppula.
1:13 of 3rd period - Shot by Ryan OReilly.
1:13 of 3rd period - Shot Blocked by Ryan Pulock.
1:35 of 3rd period - Shot by Boone Jenner.
1:35 of 3rd period - Stopped by Corey Crawford without a rebound.
1:36 of 3rd period - Tyler Johnson wins face-off versus Claude Giroux in Devils zone.
1:36 of 3rd period - Tyler Johnson is hit by Wayne Simmonds.
2:05 of 3rd period - Icing by Ales Hemsky.
2:06 of 3rd period - Colin Greening wins face-off versus Claude Giroux in Devils zone.
3:01 of 3rd period - Shayne Gostisbehere is hit by Kris Letang and loses puck.
3:51 of 3rd period - Tyler Johnson is hit by Colton Parayko and loses puck.
5:51 of 3rd period - Shot by James Neal.
5:51 of 3rd period - Shot Misses the Net.
5:53 of 3rd period - Shot by James Neal.
5:53 of 3rd period - Stopped by Craig Anderson without a rebound.
5:54 of 3rd period - Ryan OReilly wins face-off versus Johan Franzen in Ducks zone.
6:15 of 3rd period - Ryan OReilly is hit by Miikka Salomaki and loses puck.
6:25 of 3rd period - Icing by Darren Helm.
6:26 of 3rd period - Claude Giroux wins face-off versus Darren Helm in Devils zone.
6:54 of 3rd period - Shot by Claude Giroux.
6:54 of 3rd period - Shot Blocked by Ryan Pulock.
6:57 of 3rd period - Icing by Steven Kampfer.
6:58 of 3rd period - Ryan OReilly wins face-off versus Darren Helm in Devils zone.
7:11 of 3rd period - Shot by Ryan OReilly.
7:11 of 3rd period - Shot Misses the Net.
7:47 of 3rd period - Boone Jenner is hit by James Neal and loses puck.
8:03 of 3rd period - Shot by Drew Stafford.
8:03 of 3rd period - Deflect By James Neal.
8:03 of 3rd period - Shot Misses the Net.
8:16 of 3rd period - Andrei Markov is hit by Dougie Hamilton and loses puck.
8:26 of 3rd period - Off-side.
8:27 of 3rd period - Claude Giroux wins face-off versus Colin Greening in neutral zone.
8:48 of 3rd period - Shot by Nikolay Kulemin.
8:48 of 3rd period - Shot Misses the Net.
9:26 of 3rd period - Shot by Mark Scheifele.
9:26 of 3rd period - Stopped by Corey Crawford with a rebound.
9:29 of 3rd period - Icing by James Neal.
9:30 of 3rd period - Sam Bennett wins face-off versus Brandon Sutter in Devils zone.
9:31 of 3rd period - Shot by Antoine Roussel.
9:31 of 3rd period - Stopped by Corey Crawford without a rebound.
9:32 of 3rd period - Mark Scheifele wins face-off versus Colin Greening in Devils zone.
9:50 of 3rd period - Minor Penalty to Chris Summers for Roughing.
9:51 of 3rd period - Mikko Koivu wins face-off versus Brandon Dubinsky in Ducks zone.
10:33 of 3rd period - Icing by Mikko Koivu.
10:34 of 3rd period - Pascal Dupuis wins face-off versus Mikko Koivu in Devils zone.
10:42 of 3rd period - Icing by Dougie Hamilton.
10:43 of 3rd period - Brandon Dubinsky wins face-off versus Mikko Koivu in Devils zone.
10:47 of 3rd period - Icing by Mikko Koivu.
10:48 of 3rd period - Mikko Koivu wins face-off versus Brandon Dubinsky in Devils zone.
10:53 of 3rd period - Shot by James Neal.
10:53 of 3rd period - Shot Blocked by Travis Hamonic.
10:55 of 3rd period - Shot by James Neal.
10:55 of 3rd period - Stopped by Craig Anderson without a rebound.
10:56 of 3rd period - Brandon Sutter wins face-off versus Brandon Dubinsky in Ducks zone.
11:19 of 3rd period - Shot by Dennis Seidenberg.
11:19 of 3rd period - Shot Blocked by Andrei Markov.
11:23 of 3rd period - Shot by Brandon Sutter.
11:23 of 3rd period - Stopped by Craig Anderson with a rebound.
11:25 of 3rd period - Shot by Brandon Sutter.
11:25 of 3rd period - Shot Misses the Net.
11:27 of 3rd period - Shot by Trevor Daley.
11:27 of 3rd period - Shot Misses the Net.
12:54 of 3rd period - Shot by Ryan OReilly.
12:54 of 3rd period - Shot Misses the Net.
13:04 of 3rd period - Shot by Bobby Ryan.
13:04 of 3rd period - Stopped by Corey Crawford without a rebound.
13:05 of 3rd period - Mark Scheifele wins face-off versus Darren Helm in Devils zone.
13:06 of 3rd period - Shot by Brandon Dubinsky.
13:06 of 3rd period - Shot Misses the Net.
13:16 of 3rd period - Shot by Blake Comeau.
13:16 of 3rd period - Shot Misses the Net.
13:18 of 3rd period - Shot by Blake Comeau.
13:18 of 3rd period - Stopped by Corey Crawford without a rebound.
13:19 of 3rd period - Ryan OReilly wins face-off versus Brandon Sutter in Devils zone.
13:44 of 3rd period - James Neal is hit by Travis Hamonic and loses puck.
13:57 of 3rd period - Shot by Drew Stafford.
13:57 of 3rd period - Stopped by Craig Anderson without a rebound.
13:58 of 3rd period - Mark Scheifele wins face-off versus Mikko Koivu in Ducks zone.
14:05 of 3rd period - Shot by Mark Scheifele.
14:05 of 3rd period - Stopped by Corey Crawford without a rebound.
14:06 of 3rd period - Mark Scheifele wins face-off versus Mikko Koivu in Devils zone.
14:07 of 3rd period - Shot by Brandon Dubinsky.
14:07 of 3rd period - Stopped by Corey Crawford without a rebound.
14:08 of 3rd period - Mikko Koivu wins face-off versus Mark Scheifele in Devils zone.
14:33 of 3rd period - Shayne Gostisbehere is hit by Matt Hunwick and loses puck.
16:09 of 3rd period - Shot by Drew Stafford.
16:09 of 3rd period - Stopped by Craig Anderson with a rebound.
16:45 of 3rd period - Shot by Sam Bennett.
16:45 of 3rd period - Stopped by Corey Crawford with a rebound.
16:47 of 3rd period - Shot by Antoine Roussel.
16:47 of 3rd period - Shot Misses the Net.
16:49 of 3rd period - Shot by Pascal Dupuis.
16:49 of 3rd period - Stopped by Corey Crawford without a rebound.
16:50 of 3rd period - Mark Scheifele wins face-off versus Colin Greening in Devils zone.
16:51 of 3rd period - Shot by Brandon Dubinsky.
16:51 of 3rd period - Stopped by Corey Crawford without a rebound.
16:52 of 3rd period - Colin Greening wins face-off versus Mark Scheifele in Devils zone.
16:52 of 3rd period - Colin Greening is hit by Brandon Dubinsky.
17:27 of 3rd period - Shot by Brandon Dubinsky.
17:27 of 3rd period - Deflect By Mark Scheifele.
17:27 of 3rd period - Stopped by Corey Crawford without a rebound.
17:28 of 3rd period - Claude Giroux wins face-off versus Darren Helm in Devils zone.
17:52 of 3rd period - Minor Penalty to Dennis Seidenberg for Cross-checking.
17:53 of 3rd period - Ryan OReilly wins face-off versus Mikko Koivu in Devils zone.
18:08 of 3rd period - Shot by Ryan OReilly.
18:08 of 3rd period - Stopped by Corey Crawford without a rebound.
18:09 of 3rd period - Mikko Koivu wins face-off versus Claude Giroux in Devils zone.
18:24 of 3rd period - Drew Stafford is hit by Wayne Simmonds and loses puck.
18:53 of 3rd period - Shot by Wayne Simmonds.
18:53 of 3rd period - Stopped by Corey Crawford with a rebound.
19:47 of 3rd period - Shot by Shayne Gostisbehere.
19:47 of 3rd period - Stopped by Craig Anderson without a rebound.
19:48 of 3rd period - Claude Giroux wins face-off versus Tyler Johnson in Ducks zone.
Goals for this period are 0 for Devils vs 0 for Ducks.
Shots for this period are 6 for Devils vs 14 for Ducks.